 Dungeon Crawl Stone Soup version 0.31-a0-214-gb37851dbb3 (webtiles) character file.

Game seed: 459865820891742157

18 qw the Shooter (level 2, -8/24 HPs)
             Began as a Minotaur Hexslinger on June 30, 2023.
             Mangled by Sigmund
             ... wielding a +0 scythe
              (9 damage)
             ... on level 2 of the Dungeon.
             The game lasted 00:00:14 (741 turns).

qw the Shooter (Minotaur Hexslinger)                 Turns: 741, Time: 00:00:15

Health: -8/24      AC:  3    Str: 12    XL:     2   Next: 48%
Magic:  2/2        EV:  8    Int: 10    God:
Gold:   60         SH:  0    Dex: 12    Spells: 2/3 levels left

rFire   + . .        Y - +1 sling
rCold   + . .        (no shield)
rNeg    . . .        d - +0 leather armour
rPois   +            (helmet restricted)
rElec   +            (no cloak)
rCorr   +            (no gloves)
SInv    .            (no boots)
Will    .....        (no amulet)
Stlth   +            (no ring)
HPRegen 0.24/turn    (no ring)
MPRegen 0.08/turn

%: no passive effects
@: resistant (expiring), constricted
A: horns 2, retaliatory headbutt
a: no special abilities


You were on level 2 of the Dungeon.
You visited 1 branch of the dungeon, and saw 2 of its levels.

You collected 60 gold pieces.


Innate Abilities, Weirdness & Mutations

You have a pair of horns on your head.
You reflexively headbutt those who attack you in melee.


   Skills:
 - Level 2.0 Fighting
 + Level 3.1 Ranged Weapons
 - Level 2.1 Dodging
 - Level 1.0 Spellcasting
 - Level 2.0 Hexes


You had 2 spell levels left.
You knew the following spells:

 Your Spells              Type           Power      Damage    Failure   Level
a - Slow                  Hex            16%        N/A       19%         1

Your spell library contained the following spells:

 Spells                   Type           Power      Damage    Failure   Level
 Inner Flame              Hex/Fire       2%         N/A       65%         3
 Portal Projectile        Hex/Tloc       4%         N/A       65%         3
 Cause Fear               Hex            2%         N/A       88%         4

Inventory:

Hand Weapons
 Y - a +1 sling (weapon)
Armour
 d - a +0 leather armour (worn)
Potions
 e - a potion of resistance
 i - a potion of heal wounds {unknown}

Dungeon Overview and Level Annotations

Branches:
Dungeon (2/15)

Altars:

Annotations:
D:2 Sigmund


Message History

You shoot a sling bullet.
The sling bullet closely misses Sigmund.
You shoot a sling bullet.
The sling bullet closely misses Sigmund.
You shoot a sling bullet. The sling bullet barely misses Sigmund.
Sigmund casts a spell at you. You resist with significant effort.
You shoot a sling bullet.
The sling bullet closely misses the ball python.
The ball python barely misses you. The ball python closely misses you.
The ball python bites you but does no damage.
The ball python barely misses you.
You shoot a sling bullet.
The sling bullet closely misses the ball python.
You start to feel less resistant.
Sigmund hits you from afar with a +0 scythe!
The ball python bites you. The ball python grabs you.
The ball python constricts you.
You shoot a sling bullet.
The sling bullet barely misses the ball python.
The ball python bites you but does no damage.
The ball python constricts you. Sigmund barely misses you.
The ball python bites you. The ball python constricts you.
You shoot a sling bullet. The sling bullet hits the ball python.
The ball python is heavily wounded.
The ball python bites you. The ball python constricts you.
Sigmund hits you but does no damage.
You shoot a sling bullet.
The sling bullet closely misses the ball python.
The ball python barely misses you. The ball python constricts you.
Sigmund points at you and mumbles some strange words.
The magic dart hits you! The ball python barely misses you.
The ball python constricts you.
You shoot a sling bullet. The sling bullet hits the ball python.
The ball python is severely wounded.
The ball python bites you but does no damage.
The ball python constricts you.
Sigmund laughs darkly.
Sigmund hits you from afar with a +0 scythe!
You die...

.... ...#+##
.>..... .......
....... @......
..#######....(..
........@S......
#.######........
#...##........
#......#######
###.#### #.# #.#
#.# #.#


You could see Sigmund and a ball python.

Vanquished Creatures
  A ball python (D:1)
  A giant cockroach (D:1)
  2 goblins (D:1)
  4 hobgoblins
  A quokka (D:1)
  3 bats (D:1)
  3 frilled lizards (D:1)
15 creatures vanquished.

Notes
Turn   | Place    | Note
-------+----------+-------------------------------------------
     0 | D:1      | qw the Minotaur Hexslinger began the quest for the Orb.
     0 | D:1      | Reached XP level 1. HP: 16/16 MP: 1/1
     0 | D:1      | 0 ||| qw: Version: 0.3-a-32-g5962c71
     0 | D:1      | 0 ||| qw: Game counter: 7334
     0 | D:1      | 0 ||| qw: Melee chars always use a shield: true
     0 | D:1      | 0 ||| qw: God list: Okawaru
     0 | D:1      | 0 ||| qw: Allow faded altars: false
     0 | D:1      | 0 ||| qw: Do Orc after clearing Dungeon:15 true
     0 | D:1      | 0 ||| qw: Do second Lair branch before Depths: true
     0 | D:1      | 0 ||| qw: Lair rune preference: random
     0 | D:1      | 0 ||| qw: Goals: Normal
     0 | D:1      | 0 ||| PLANNING D:1-11
   354 | D:1      | Reached skill level 3 in Ranged Weapons
   451 | D:1      | Reached XP level 2. HP: 23/23 MP: 2/2
   664 | D:1      | 664 ||| UPGRADING to +0 leather armour.
   674 | D:1      | 674 ||| DROPPING +0 robe.
   675 | D:1      | 675 ||| READING scroll labelled IJITARUAZO.
   676 | D:1      | 676 ||| READING scroll labelled XEOHOET VIOTEN.
   677 | D:1      | 677 ||| READING scroll labelled DIMICE WOAGRU.
   678 | D:1      | 678 ||| READING scroll labelled PICYOQI WITENK.
   679 | D:1      | 679 ||| DRINKING 2 pink potions.
   680 | D:1      | 680 ||| DROPPING scroll of poison.
   731 | D:2      | Noticed Sigmund
   740 | D:2      | HP: 2/24 [Sigmund/magic dart (7)]
   741 | D:2      | Mangled by Sigmund

Levels and vault maps discovered:
D:1:      amcnicky_arrival_underground_garden, layout_basic
D:2:      layout_basic, uniq_sigmund

Skill      XL: |  1  2 |
---------------+-------+-----
Ranged Weapons | 3 |  3.1
Fighting       | 2 |  2.0
Dodging        | |  2.1
Spellcasting   | |  1.0
Hexes          | |  2.0

Action                     || total
---------------------------++-------
   Fire: Sling             ||    51
    Use: Scroll            ||     4
         Potion            ||     1
 Armour: Robe              ||     7
         Leather armour    ||     5
  Dodge: Dodged            ||    16

Table legend:
 A = Non-vault XP
 B = Vault XP
 C = Vault XP percentage of total XP
 D = Non-vault monster count
 E = Vault monster count
 F = Vault count percentage of total count
                 A         B        C        D         E       F
            +---------+---------+-------+---------+---------+-------
      Total |      26 |       0 |   0.0 |      15 |       0 |   0.0
            +---------+---------+-------+---------+---------+-------
        D:1 |      24 |       0 |   0.0 |      14 |       0 |   0.0
        D:2 |       2 |       0 |   0.0 |       1 |       0 |   0.0
            +---------+---------+-------+---------+---------+-------
